 Dungeon Crawl Stone Soup version 0.27.0 (webtiles) character file.

Game seed: 6304970710310134788

30422 hawla the Destroyer (level 13, -3/72 HPs)
             Began as a Deep Elf Conjurer on July 29, 2021.
             Was a Priest of Vehumet.
             Slain by a red ugly thing (15 damage)
             ... on level 14 of the Dungeon on July 30, 2021.
             The game lasted 00:53:24 (16542 turns).

hawla the Destroyer (Deep Elf Conjurer)            Turns: 16542, Time: 00:53:26

Health: -3/72      AC: 11    Str:  6    XL:     13   Next: 20%
Magic:  1/42       EV: 19    Int: 29    God:    Vehumet [***...]
Gold:   968        SH:  0    Dex: 13    Spells: 23/36 levels left

rFire    . . .     SeeInvis .   g - +5 quick blade (vorpal)
rCold    . . .     Faith    .   (no shield)
rNeg     + . .     Spirit   .   E - +0 steam dragon scales
rPois    +         Reflect  .   (helmet restricted)
rElec    .         Harm     .   H - +0 cloak
rCorr    .         Rampage  .   Q - +2 pair of gloves
Will     +....                  c - +1 pair of boots
Stlth    +++.......             (no amulet)
HPRegen  1.22/turn              C - ring of magical power
MPRegen  0.28/turn              y - ring "Werchog" {rPois rN+ EV+4}

@: no status effects
A: horns 1, high mp 1, regeneration 1, strong 1
a: Renounce Religion


You were on level 14 of the Dungeon.
You worshipped Vehumet.
Vehumet was most pleased with you.
You visited 2 branches of the dungeon, and saw 15 of its levels.
You also visited: Bailey.

You collected 1024 gold pieces.
You spent 56 gold pieces at shops.

Inventory:

Hand Weapons
 g - a +5 vorpal quick blade (weapon)
 L - a +2 great sword of distortion
Missiles
 a - 2 curare-tipped darts
 f - 435 stones
 k - 48 poisoned darts (quivered)
 n - 86 boomerangs
 B - 4 throwing nets
Armour
 c - a +1 pair of boots (worn)
 E - +0 steam dragon scales (worn)
 H - a +0 cloak (worn)
 Q - a +2 pair of gloves (worn)
Jewellery
 e - the ring of Ratwungo {Fly rElec rN+}
   (You took it off an orc knight on level 13 of the Dungeon)

   [ring of flight]

   rElec:     It insulates you from electricity.
   rN:        It protects you from negative energy.
   Fly:       It grants you flight.
 y - the ring "Werchog" (right hand) {rPois rN+ EV+4}
   (You acquired it on level 9 of the Dungeon)

   [ring of evasion]

   EV:        It affects your evasion (+4).
   rPois:     It protects you from poison.
   rN:        It protects you from negative energy.
 C - a ring of magical power (left hand)
 D - a ring of ice
 O - the ring "Nedie" {*Slow +Blink rElec rF+ rN+}
   (You took it off a meliai on level 13 of the Dungeon)

   [ring of positive energy]

   rF:        It protects you from fire.
   rElec:     It insulates you from electricity.
   rN:        It protects you from negative energy.
   +Blink:    It lets you blink.
   *Slow:     It may slow you when you take damage.
 P - a ring of wizardry
Wands
 m - a wand of iceblast (22)
 o - a wand of acid (19)
 w - a wand of flame (11)
 G - a wand of mindburst (14)
 N - a wand of digging (5)
Scrolls
 r - a scroll of identify
 t - a scroll of summoning
 A - a scroll of amnesia
 F - 2 scrolls of fog
 K - 2 scrolls of enchant armour {unknown}
Potions
 b - 3 potions of heal wounds
 d - 6 potions of magic
 h - a potion of invisibility
 j - 4 potions of attraction
 l - 5 potions of curing
 p - a potion of brilliance
 q - 2 potions of flight
 s - 3 potions of haste
 u - 3 potions of experience {unknown}
 x - a potion of might
 z - a potion of cancellation
 J - a potion of berserk rage
Miscellaneous
 M - a piece from Xom's chessboard (15/15)


   Skills:
 + Level 4.7 Fighting
 + Level 5.5 Short Blades
 - Level 4.0 Throwing
 + Level 7.7 Dodging
 - Level 6.1 Stealth
 - Level 12.0 Spellcasting
 + Level 13.8 Conjurations
 + Level 11.4 Translocations
 + Level 3.0 Transmutations
 + Level 4.8 Earth Magic
 - Level 1.1 Evocations


You had 23 spell levels left.
You knew the following spells:

 Your Spells              Type           Power      Damage    Failure   Level
a - Magic Dart            Conj           100%       1d8       0%          1
b - Searing Ray           Conj           100%       3d7       0%          2
c - Iskenderun's Mystic   Conj/Tloc      74%        2d15      1%          4
d - Sandblast             Erth           90%        2d19      1%          1
e - Passwall              Tmut/Erth      33%        N/A       1%          2
f - Stone Arrow           Conj/Erth      100%       3d13      1%          3

Your spell library contained the following spells:

 Spells                   Type           Power      Damage    Failure   Level
 Conjure Flame            Conj/Fire      55%        6-21      1%          3
 Dazzling Flash           Conj/Hex       100%       N/A       1%          3
 Fulminant Prism          Conj/Hex       27%        3d14      1%          4
 Lightning Bolt           Conj/Air       27%        1d44      1%          5
 Corona                   Hex            18%        N/A       3%          1
 Ensorcelled Hibernation  Hex/Ice        34%        N/A       4%          2
 Ozocubu's Armour         Ice            17%        N/A       9%          3
 Swiftness                Air            17%        N/A       9%          3
 Tukima's Dance           Hex            17%        N/A       9%          3
 Airstrike                Air            8%         N/A       9%          4
 Summon Lightning Spire   Summ/Air       17%        N/A       30%         4
 Invisibility             Hex            8%         N/A       99%         6
 Ozocubu's Refrigeration  Ice            8%         4d6       99%         7


Dungeon Overview and Level Annotations

Branches:
Dungeon (14/15)            Temple (1/1) D:5            Lair (0/6) D:10
    Orc (0/2) D:10         Vaults (0/5) D:13         Bailey (visited)

Altars:
Ashenzari
Cheibriados
Dithmenos
Elyvilon
Fedhas
Gozag
Hepliaklqana
Kikubaaqudgha
Makhleb
Nemelex Xobeh
Okawaru
Qazlal
Ru
Sif Muna
Trog
Uskayaw
Vehumet
Wu Jian
Xom
Yredelemnul
Zin
The Shining One
Lugonu

Shops:
D:2 !

Annotations:
D:9 2 transporters, Eryximachus's ghost, novice OpTm
D:13 3 runed translucent doors


Innate Abilities, Weirdness & Mutations

You have a pair of small horns on your head.
You have an increased reservoir of magic. (+10% MP)
Your natural rate of healing is unusually fast.
Your muscles are strong. (Str +2)


Message History

The red ugly thing is severely wounded.
The red ugly thing is knocked back by the mystic blast.
The mystic blast hits the skeletal warrior!!
The skeletal warrior is severely damaged.
The skeletal warrior is knocked back by the mystic blast.
The skeletal warrior slams into the stone wall!
The mystic blast hits the skeletal warrior!
The skeletal warrior is severely damaged.
The skeletal warrior is knocked back by the mystic blast.
The skeletal warrior slams into the rock wall!
Casting: Iskenderun's Mystic Blast (safe; 1% risk of failure)
Confirm with . or Enter, or press ? or * to list all spells.
Aiming: Searing Ray (safe; 0% risk of failure)
Press: ? - help, Shift-Dir - straight line, f - skeletal warrior
Aim: a skeletal warrior, wielding a +0 trident (severely damaged, 83% to hit)
The searing ray misses the skeletal warrior. (Press . to maintain the ray.)
The skeletal warrior hits you from afar with a +0 trident!!
The searing ray hits the skeletal warrior!
The skeletal warrior is almost destroyed.
You hear the faint crackling of a very distant melting archway.
The skeletal warrior hits you from afar with a +0 trident!!
Casting: Searing Ray (safe; 0% risk of failure)
Confirm with . or Enter, or press ? or * to list all spells.
You erupt in a blast of force!
The mystic blast hits the skeletal warrior!
The skeletal warrior is almost destroyed.
The skeletal warrior is knocked back by the mystic blast.
The mystic blast hits the skeletal warrior.
The skeletal warrior is almost destroyed.
The skeletal warrior is knocked back by the mystic blast.
The skeletal warrior slams into the rock wall!
As you read the scroll labelled LEOTAPUUDO, it crumbles to dust.
Your body is wracked with pain!
* * * LOW HITPOINT WARNING * * *
The red ugly thing convulses!
It was a scroll of torment.
The red ugly thing engulfs you.
* * * LOW HITPOINT WARNING * * *
You are engulfed in flames!
You die...

.......#..........#,..##*≈≈**≈,,*
^......#..........#,..≈≈≈≈*≈≈*,,*
+#.##############'##.##≈#≈≈≈≈*≈,,
...#,,,,,,,,#........#≈≈≈≈≈≈*≈≈,,
...#,,,,,,,,#........≈≈≈≈≈≈≈≈≈*,,
...#,,,,,,,,#........##≈#≈*≈≈**,,
..##,,,*,,,,#.........#≈≈≈≈≈≈*,,,
..*,,,,**########.....##≈≈≈*≈*,,,
..*,,,,*,.....†u@.......#***,,,,,
..*,,,,*,.....†z.........,,,,,,,,
,,*,,,,+,.......z........,,,+,,,,
,,*,,,,*,##..z..†........^,,*,,,,
,,******+*#..############,*,*****
,,*,,,,,,....**,,,,,,,*,,,*,,,,,,
,,*,,,,,,...∩,,,,,,,,,*,,,*,,,,,,
,,*,,,,,,##*,,,,,,,,,,+,,,*,,,,,,
,,*,,,,,,***,,**,,,,,,*,,,*,,,,,,


You could see a red ugly thing and 3 skeletal warriors.

Vanquished Creatures
  A fire dragon (D:13)
  A boulder beetle (D:11)
  Harold (D:8)
  3 hydras
  2 centaur warriors (D:13)
  3 two-headed ogres
  A tengu warrior (D:13)
  2 orc knights
  2 deep elf pyromancers (D:13)
  4 cyclopes
  A manticore (D:13)
  10 ugly things
  A guardian serpent (shapeshifter) (D:10)
  Maurice (D:9)
  A gargoyle (D:13)
  3 kobold demonologists
  A meliai (D:13)
  2 trolls (D:13)
  A jumping spider (shapeshifter) (D:13)
  4 slime creatures
  3 wraiths
  A shadow (D:13)
  A wyvern (D:9)
  3 vampires
  3 basilisks
  17 yaks
  5 steam dragons
  12 vampire mosquitoes (D:12)
  An acid dragon (D:9)
  5 water moccasins
  2 orc warriors (D:10)
  A sky beast (D:5)
  A boggart (D:13)
  3 necrophages
  2 ice beasts
  An ice beast (shapeshifter) (D:13)
  3 centaurs
  A phantom (D:6)
  3 kobold brigands
  7 bullfrogs
  2 gnoll sergeants
  2 scorpions
  A water moccasin skeleton (D:6)
  16 wights
  7 howler monkeys
  3 centaur zombies
  3 hounds
  3 jellies
  A gnoll shaman (D:6)
  4 orc priests
  A centaur skeleton (D:3)
  Jessica (D:3)
  Ijyb (D:4)
  Natasha (thrice) (D:2)
  An orc wizard (D:10)
  A hound skeleton (D:5)
  A hound zombie (D:4)
  2 howler monkey zombies
  3 howler monkey skeletons
  24 gnolls
  3 adders
  An adder skeleton (D:4)
  11 orcs
  7 endoplasms
  5 giant cockroaches
  15 hobgoblins
  6 jackals
  39 kobolds
  3 quokkas
  8 ball pythons
  8 bats
  5 frilled lizards
  11 goblins
  7 rats
  A butterfly (D:10)
330 creatures vanquished.

Vanquished Creatures (others)
  An orc knight (D:13)
  2 demonic plants (Temple)
  44 fungi (D:10)
  44 plants (D:10)
91 creatures vanquished.

Grand Total: 421 creatures vanquished

Notes
Turn   | Place    | Note
-------+----------+-------------------------------------------
     0 | D:1      | hawla the Deep Elf Conjurer began the quest for the Orb.
     0 | D:1      | Reached XP level 1. HP: 10/10 MP: 6/6
   332 | D:1      | Reached XP level 2. HP: 16/16 MP: 5/8
   335 | D:1      | Learned a level 2 spell: Searing Ray
   391 | D:1      | Reached skill level 1 in Translocations
   897 | D:1      | Reached skill level 1 in Fighting
  1315 | D:2      | Reached XP level 3. HP: 20/20 MP: 6/9
  1315 | D:2      | Upgraded the game from 0.27-b1-42-g19c61b19a5 to 0.27.0
  1529 | D:2      | Noticed Natasha
  1533 | D:2      | Killed Natasha
  1534 | D:2      | Reached skill level 5 in Conjurations
  1646 | D:2      | Found a faded altar of an unknown god.
  1702 | D:2      | Found Wuivuz's Distillery.
  1747 | D:2      | Bought a potion of lignification for 42 gold pieces
  1747 | D:2      | Bought a potion of degeneration for 14 gold pieces
  1794 | D:2      | Reached XP level 4. HP: 25/25 MP: 4/10
  1896 | D:2      | Learned a level 4 spell: Iskenderun's Mystic Blast
  1973 | D:2      | Noticed Natasha
  1978 | D:2      | Killed Natasha
  2027 | D:2      | Noticed Natasha
  2031 | D:2      | Killed Natasha
  2634 | D:3      | Noticed Jessica
  2635 | D:3      | Reached XP level 5. HP: 28/30 MP: 2/11
  2760 | D:3      | Killed Jessica
  3181 | D:4      | Found a white marble altar of Elyvilon.
  3218 | D:4      | Found a sparkling altar of Nemelex Xobeh.
  3267 | D:4      | Reached skill level 6 in Conjurations
  3267 | D:4      | Reached XP level 6. HP: 35/35 MP: 12/12
  3350 | D:4      | Noticed Ijyb
  3356 | D:4      | Killed Ijyb
  3627 | D:4      | Reached skill level 5 in Translocations
  3824 | D:4      | Reached XP level 7. HP: 40/40 MP: 10/13
  4177 | D:5      | Entered Level 5 of the Dungeon
  4180 | D:5      | Gained mutation: You are agile. (Dex +2) [potion of
                  | mutation]
  4180 | D:5      | Gained mutation: You expend magic power (3 MP) to
                  | strengthen your wands. [potion of mutation]
  4181 | D:5      | Lost mutation: You are agile. (Dex +2) [potion of mutation]
  4181 | D:5      | Lost mutation: You expend magic power (3 MP) to strengthen
                  | your wands. [potion of mutation]
  4181 | D:5      | Gained mutation: You have a pair of small horns on your
                  | head. [potion of mutation]
  4181 | D:5      | Gained mutation: Your natural rate of healing is unusually
                  | fast. [potion of mutation]
  4181 | D:5      | Gained mutation: You have an increased reservoir of magic.
                  | (+10% MP) [potion of mutation]
  4181 | D:5      | Gained mutation: Your muscles are strong. (Str +2) [potion
                  | of mutation]
  4215 | D:5      | Found a staircase to the Ecumenical Temple.
  4288 | D:5      | Noticed a yak
  4289 | D:5      | Noticed a yak
  4339 | Temple   | Entered the Ecumenical Temple
  4403 | D:5      | Killed a yak
  4404 | D:5      | Reached skill level 7 in Conjurations
  4889 | D:5      | Reached skill level 8 in Conjurations
  5067 | D:5      | Noticed a yak
  5067 | D:5      | Noticed a yak
  5067 | D:5      | Noticed a yak
  5074 | D:5      | Killed a yak
  5075 | D:5      | Reached XP level 8. HP: 34/44 MP: 5/17
  5164 | D:5      | Reached skill level 9 in Conjurations
  5278 | D:5      | Found a broken altar of Ashenzari.
  5390 | D:5      | Reached skill level 5 in Spellcasting
  5682 | D:6      | Found a shadowy altar of Dithmenos.
  5828 | D:6      | Reached skill level 10 in Conjurations
  5828 | D:6      | Reached XP level 9. HP: 47/49 MP: 7/21
  5995 | D:6      | Reached skill level 1 in Short Blades
  6802 | D:7      | Found a basalt altar of Yredelemnul.
  7367 | D:7      | Reached skill level 5 in Dodging
  7695 | D:7      | Identified the +1 crystal plate armour "Ahyse" {Will+}
  7759 | D:6      | Identified the +1 leather armour of Impermeability {Int+2}
  8014 | D:8      | Noticed Harold
  8058 | D:9      | Identified a scroll of acquirement
  8065 | D:9      | Found a flagged portal.
  8073 | Bailey   | Entered a bailey
  8178 | Bailey   | Acquired a +5 quick blade
  8363 | Bailey   | Reached skill level 5 in Stealth
  8635 | Bailey   | Noticed an orc knight
  8649 | Bailey   | Killed an orc knight
  8650 | Bailey   | Reached XP level 10. HP: 25/56 MP: 4/26
  9023 | D:9      | Noticed Maurice
  9034 | D:9      | Killed Maurice
  9035 | D:9      | Reached skill level 11 in Conjurations
  9181 | D:8      | Killed Harold
  9350 | D:8      | Found a glowing silver altar of Zin.
  9401 | D:8      | Reached skill level 1 in Throwing
  9442 | D:8      | Found a radiant altar of Vehumet.
  9443 | D:8      | Found a hide-covered altar of Uskayaw.
  9447 | D:8      | Found a stormy altar of Qazlal.
  9449 | D:8      | Found an ornate altar of the Wu Jian Council.
  9449 | D:8      | Found an ancient bone altar of Kikubaaqudgha.
  9452 | D:8      | Found a bloodstained altar of Trog.
  9460 | D:8      | Became a worshipper of Vehumet
  9467 | D:8      | Found a burning altar of Makhleb.
  9922 | D:9      | Acquired the ring "Werchog" {rPois rN+ EV+4}
  9930 | D:9      | Noticed Eryximachus's ghost (novice OpTm)
  9938 | D:9      | Found a transporter.
  9959 | D:9      | Found a transporter.
  9966 | D:9      | Noticed a moth of wrath
 10327 | D:10     | Entered Level 10 of the Dungeon
 10327 | D:10     | Found a staircase to the Orcish Mines.
 10355 | D:10     | Noticed a guardian serpent
 10356 | D:10     | Found a stormy altar of Qazlal.
 10366 | D:10     | Killed a guardian serpent
 10677 | D:10     | Found a staircase to the Lair.
 10685 | D:10     | Reached XP level 11. HP: 45/60 MP: 8/29
 10694 | D:10     | Reached * piety under Vehumet
 10694 | D:10     | Offered knowledge of Sandblast by Vehumet.
 10697 | D:10     | Learned a level 1 spell: Sandblast
 10700 | D:10     | Learned a level 2 spell: Passwall
 10944 | D:10     | Reached skill level 10 in Spellcasting
 11084 | D:10     | Found a shimmering altar of Xom.
 11289 | D:10     | Found a glowing golden altar of the Shining One.
 11402 | D:10     | Noticed a two-headed ogre
 11432 | D:10     | Reached skill level 12 in Conjurations
 11836 | D:11     | Found a shimmering altar of Xom.
 11836 | D:11     | Noticed a boulder beetle
 11883 | D:11     | Found a shimmering altar of Xom.
 11885 | D:11     | Found a shimmering altar of Xom.
 11946 | D:11     | Reached skill level 1 in Earth Magic
 12080 | D:11     | Noticed a two-headed ogre
 12092 | D:11     | Killed a two-headed ogre
 13303 | D:11     | Identified the +7 flail of Bituakir {vorpal, Str+4 Int+3}
 13360 | D:11     | Killed a boulder beetle
 13424 | D:11     | Noticed a two-headed ogre
 13436 | D:11     | Killed a two-headed ogre
 13649 | D:12     | Found a broken altar of Ashenzari.
 13765 | D:12     | Noticed a seven-headed hydra
 13772 | D:12     | Killed a seven-headed hydra
 13822 | D:12     | Reached ** piety under Vehumet
 13822 | D:12     | Offered knowledge of Freeze by Vehumet.
 13905 | D:12     | Noticed a two-headed ogre
 13915 | D:12     | Killed a two-headed ogre
 13999 | D:12     | Reached XP level 12. HP: 47/64 MP: 15/32
 14441 | D:13     | Reached skill level 10 in Translocations
 14729 | D:13     | Found a gate to the Vaults.
 14742 | D:13     | Offered knowledge of Stone Arrow by Vehumet.
 14956 | D:13     | Learned a level 3 spell: Stone Arrow
 15259 | D:13     | Noticed a centaur warrior
 15261 | D:13     | Noticed a four-headed hydra
 15267 | D:13     | Reached skill level 13 in Conjurations
 15374 | D:13     | Noticed a centaur warrior
 15384 | D:13     | Reached skill level 1 in Evocations
 15384 | D:13     | Killed a centaur warrior
 15594 | D:13     | Noticed a five-headed hydra
 15603 | D:13     | Killed a centaur warrior
 15603 | D:13     | Reached *** piety under Vehumet
 15603 | D:13     | Killed a five-headed hydra
 15664 | D:13     | Identified the ring of Ratwungo {Fly rElec rN+}
 15665 | D:13     | Identified the +7 shortbow of Dismay {venom, Will+}
 15665 | D:13     | Identified the ring "Nedie" {*Slow +Blink rElec rF+ rN+}
 15744 | D:13     | Reached skill level 1 in Transmutations
 15745 | D:13     | Noticed a fire dragon
 15762 | D:13     | Killed a fire dragon
 15766 | D:13     | Reached skill level 5 in Short Blades
 15914 | D:13     | Noticed a tengu warrior
 15921 | D:13     | Killed a tengu warrior
 16021 | D:13     | Noticed a deep elf high priest
 16022 | D:13     | Noticed a centaur warrior
 16023 | D:13     | Found a runed translucent door.
 16023 | D:13     | Noticed an ogre mage
 16023 | D:13     | Noticed a deep troll earth mage
 16036 | D:13     | Offered knowledge of Conjure Flame by Vehumet.
 16049 | D:13     | Killed a four-headed hydra
 16050 | D:13     | Reached XP level 13. HP: 72/72 MP: 18/33
 16310 | D:13     | Found a runed translucent door.
 16311 | D:13     | Found a runed translucent door.
 16542 | D:14     | Slain by a red ugly thing

Illustrated notes

Levels and vault maps discovered:
D:1:      tarquinn_simple_flora_water_b, layout_basic
D:2:      layout_basic, serial_shops, nicolae_shop_waterfront,
          shapermc_ecumenical_altar_ellora, chequers_mini_garden, uniq_natasha
D:3:      layout_basic, uniq_jessica
D:4:      layout_loops_ring, jmf_multi_god_temple, grunt_ministairs_10,
          minmay_misc_feat_rugged, uniq_ijyb
D:5:      layout_loops_corners, mainiacjoe_overflow_catwalk,
          minmay_temple_entry_sparse_star, grunt_decor_junction
D:6:      cheibrodos_quashed, layout_basic,
          nicolae_dithmenos_through_a_glass_darkly
D:7:      layout_loops_ring, kennysheep_mini_moat, grunt_ministairs_7
D:8:      layout_basic, minitemple, mainiacjoe_overflow_small_starburst,
          minmay_misc_feat_columns, ebering_dispersal_statue_hall, uniq_harold
D:9:      layout_cave_pools, gammafunk_ghost_berserking_beasts, enter_bailey_5,
          uniq_maurice
D:10:     layout_roguey, xom_butterflies, due_lair_maze_entry_diamond,
          hangedman_feature_mirror
D:11:     layout_roguey, xom_redecorated
D:12:     layout_rooms, serial_park_tiny_pond, cheibrodos_ashenzari_chains
D:13:     minmay_the_grid_triangle_9x9_recursive_3_mashed
          [minmay_the_grid_triangle_9x9_skeleton,
          minmay_the_grid_triangle_9x9_intruding_spiral,
          minmay_the_grid_triangle_9x9_semitri,
          minmay_the_grid_triangle_9x9_prize_schism,
          minmay_the_grid_triangle_9x9_checkered,
          minmay_the_grid_triangle_9x9_fully_insulated_deathbox,
          minmay_the_grid_triangle_9x9_warning,
          minmay_the_grid_triangle_9x9_wacky_v,
          minmay_the_grid_triangle_9x9_negative_grid], layout_loops_cross
D:14:     layout_grid_maze, minivault_4, serial_shops, nicolae_square_shop,
          portal_ice_cave_entry_pillars_2
Temple:   corrupted_temple

Skill      XL: |  1  2  3  4  5  6  7  8  9 10 11 12 13 |
---------------+----------------------------------------+-----
Translocations | 1 2 3 5 6 7 9 11 | 11.4
Fighting       | 1 2 3 4 |  4.7
Conjurations   | 5 6 8 10 11 12 13 | 13.8
Dodging        | 3 4 5 6 7 |  7.7
Stealth        | 3 5 6 |  6.1
Spellcasting   | 4 5 8 9 12 | 12.0
Short Blades   | 3 4 5 |  5.5
Throwing       | 1 3 4 |  4.0
Earth Magic    | 2 4 |  4.8
Evocations     | 1 |  1.1
Transmutations | 2 3 |  3.0

Action                   |  1- 3 |  4- 6 |  7- 9 | 10-12 | 13-15 || total
-------------------------+-------+-------+-------+-------+-------++-------
Melee: Short sword       |       |    70 |    87 |       |       ||   157
       Headbutt          |       |       |    19 |    19 |       ||    38
       Quick blade       |       |       |     3 |   125 |       ||   128
Throw: Dart              |       |       |     4 |    32 |       ||    36
 Cast: Magic Dart        |    42 |     6 |     8 |     9 |     1 ||    66
       Searing Ray       |    17 |    27 |    47 |    61 |     7 ||   159
       Iskenderun's Myst |       |     2 |    38 |   119 |    22 ||   181
       Sandblast         |       |       |       |     6 |       ||     6
       Passwall          |       |       |       |     4 |       ||     4
       Stone Arrow       |       |       |       |    19 |       ||    19
Evoke: Wand              |       |       |       |     7 |     3 ||    10
  Use: Scroll            |       |     4 |    10 |    15 |     2 ||    31
       Potion            |       |       |     5 |     9 |       ||    14
 Stab: Sleeping          |       |       |     3 |     2 |       ||     5
Armor: Robe              |     4 |    27 |    23 |     4 |       ||    58
       Skin              |       |       |     3 |     3 |       ||     6
       Steam dragon scal |       |       |       |    42 |     1 ||    43
Dodge: Dodged            |     7 |    56 |    87 |   148 |     7 ||   305
